 Dungeon Crawl Stone Soup version 0.19.3-4-gbf9329e (webtiles) character file.

426 Gargoyl the Skirmisher (level 6, -5/55 (56) HPs)
             Began as a Ghoul Abyssal Knight on Jan 29, 2017.
             Was a Believer of Lugonu.
             Slain by an ogre
             ... wielding a +0 giant club
              (19 damage)
             ... on level 4 of the Dungeon.
             The game lasted 00:06:54 (3752 turns).

Gargoyl the Skirmisher (Ghoul Abyssal Knight)       Turns: 3752, Time: 00:06:55

HP:   -5/55 (56)    AC: 11    Str: 15 (16) XL:     6   Next: 97%
MP:   6/6           EV:  7    Int:  7      God:    Lugonu [**....]
Gold: 238           SH:  0    Dex: 10      Spells: 0 memorised, 5 levels left

rFire  . . .     SeeInvis +     t - +0 war axe
rCold  + . .     Gourm    .     l - +0 chain mail
rNeg   + + +     Faith    .     (no shield)
rPois  ∞         Spirit   .     (no helmet)
rElec  .         Reflect  .     (no cloak)
rCorr  .         Harm     .     (no gloves)
MR     .....                    q - +1 pair of boots
Stlth  ..........               (no amulet)
                                (no ring)
                                d - ring of see invisible

@: rotting
A: rotting body, claws 1, carnivore 3, cold resistance 1, negative energy
resistance 3, slow regeneration 1, torment resistance, unbreathing
a: Depart the Abyss, Bend Space, Renounce Religion


You were on level 4 of the Dungeon.
You worshipped Lugonu.
Lugonu was pleased with you.
You were not hungry.

You visited 1 branch of the dungeon, and saw 5 of its levels.
You visited the Abyss 1 time.

You collected 280 gold pieces.
You spent 42 gold pieces at shops.

Inventory:

Hand Weapons
 a - a +1 hand axe
 t - a +0 war axe (weapon)
Armour
 l - a +0 chain mail (worn)
 q - a +1 pair of boots (worn)
Jewellery
 d - a ring of see invisible (left claw)
Wands
 e - a wand of slowing (48/48)
Scrolls
 b - a scroll of remove curse
 f - 3 scrolls of teleportation
 i - 7 scrolls of identify
 r - 2 scrolls of recharging
 s - a scroll of immolation {unknown}
Potions
 p - a potion of degeneration
Comestibles
 c - a meat ration
 k - 2 beef jerkies
 n - a royal jelly


   Skills:
 + Level 5.1 Fighting
 + Level 3.7 Axes
 + Level 4.0 Armour
 + Level 1.4 Dodging
 + Level 2.4 Invocations


You had 5 spell levels left.
You didn't know any spells.

Dungeon Overview and Level Annotations

Branches:
Dungeon (5/15)
 Temple: D:4-7

Altars:
Gozag
Okawaru
Sif Muna

Shops:
D:4 (


Innate Abilities, Weirdness & Mutations

Your body is rotting away.
You thrive on raw meat.
You are immune to poison.
You have sharp fingernails.
You are carnivorous and can eat meat at any time.
Your flesh is cold resistant. (rC+)
You are immune to negative energy. (rN+++)
You regenerate slowly when monsters are visible.
You are immune to unholy pain and torment.
You can survive without breathing.


Message History

You start resting.
You hear the brisk rusting of a distant drain.
You start resting.
HP restored.
You climb upwards.
The ogre barely misses you.
There is a stone staircase leading down here.
You hit the ogre.
The ogre is lightly wounded.
The ogre hits you with a giant club!
You hit the ogre.
The ogre is lightly wounded.
The ogre hits you with a giant club!!
You slash the ogre!
The ogre is moderately wounded.
The ogre hits you with a giant club!
* * * LOW HITPOINT WARNING * * *
You slash the ogre!
The ogre is almost dead.
The ogre hits you with a giant club!!
You die...

#.
#.....##.##....#.#..
#.
#........)#....#.#..
#.
#.......<.#....#.###
. #.........#....#
#(........(<...#
#.........#....#
#.........#....#
#..O......#....#
#..@......#....#
.....##########....#
#### .......
#########


You could see an ogre.

Vanquished Creatures
  A hungry ghost (D:4)
  4 hounds (D:3)
  3 worker ants (D:4)
  3 adders
  2 dart slugs (D:2)
  3 leopard geckos
  4 orcs (D:4)
  4 giant cockroaches
  4 goblins
  11 hobgoblins
  5 jackals (D:1)
  4 kobolds
  A quokka (D:3)
  A ball python (D:1)
  7 bats
  3 frilled lizards
  6 rats
66 creatures vanquished.

Notes
Turn   | Place    | Note
-------+----------+-------------------------------------------
     0 | Abyss:1  | Gargoyl the Ghoul Abyssal Knight began the quest for the Orb.
     0 | Abyss:1  | Reached XP level 1. HP: 19/19 MP: 1/1
     4 | Abyss:1  | Found a shadowy altar of Dithmenos.
    63 | Abyss:1  | Found a corrupted altar of Lugonu.
    77 | Abyss:1  | Found a corrupted altar of Lugonu.
   152 | Abyss:2  | Noticed a vampire mage
   157 | Abyss:2  | Noticed a wraith
   157 | Abyss:2  | Noticed a spectral frost giant
   163 | Abyss:2  | Noticed a necrophage
   191 | Abyss:3  | Noticed a starcursed mass
   191 | D:1      | Escaped the Abyss
   406 | D:1      | Reached XP level 2. HP: 25/26 MP: 2/2
   485 | D:1      | Reached * piety under Lugonu
   756 | D:1      | Reached skill level 4 in Fighting
   781 | D:1      | Reached XP level 3. HP: 32/33 MP: 3/3
  1466 | D:2      | Reached XP level 4. HP: 32/40 MP: 4/4
  2054 | D:2      | Found a deep blue altar of Sif Muna.
  2532 | D:3      | Found an opulent altar of Gozag.
  2532 | D:3      | Found an iron altar of Okawaru.
  2812 | D:4      | Reached ** piety under Lugonu
  2843 | D:3      | Reached skill level 1 in Dodging
  2843 | D:3      | Reached XP level 5. HP: 6/47 MP: 3/5
  2844 | D:3      | HP: 2/47 [hound (2)]
  3122 | D:3      | Reached XP level 6. HP: 32/51 MP: 6/6
  3221 | D:4      | Reached skill level 5 in Fighting
  3344 | D:4      | Noticed a hungry ghost
  3376 | D:4      | Killed a hungry ghost
  3402 | D:4      | Found Xitos's Weapon Shoppe.
  3405 | D:4      | Bought a +0 war axe for 42 gold pieces
  3465 | D:5      | Entered Level 5 of the Dungeon
  3752 | D:4      | Slain by an ogre

Skill      XL: |  1  2  3  4  5  6 |
---------------+-------------------+-----
Armour         | 2 3 4 |  4.0
Fighting       | 4 5 |  5.1
Axes           | 2 3 |  3.7
Dodging        | 1 |  1.4
Invocations    | |  2.4

Action                   |  1- 3 |  4- 6 || total
-------------------------+-------+-------++-------
Melee: Hand axe          |   148 |   178 ||   326
       War axe           |       |     8 ||     8
Throw: Tomahawk          |       |     2 ||     2
Invok: Depart the Abyss  |     1 |       ||     1
       Bend Space        |       |     3 ||     3
  Use: Scroll            |     6 |     3 ||     9
       Potion            |       |     5 ||     5
  Eat: Chunk             |     9 |    17 ||    26
Armor: Leather armour    |    15 |       ||    15
       Chain mail        |    82 |   200 ||   282
       Ring mail         |    12 |       ||    12
Dodge: Dodged            |    77 |    80 ||   157
